 Dungeon Crawl Stone Soup version 0.24.0-13-gcf9b319 (webtiles) character file.

Game seed: 5517635833145937930, levelgen mode: deterministic

11 Arctor the Magician (level 2, -3/15 HPs)
             Began as a Gargoyle Wizard on Apr 18, 2020.
             Slain by a worm (7 damage)
             ... on level 2 of the Dungeon.
             The game lasted 00:02:49 (996 turns).

Arctor the Magician (Gargoyle Wizard)                Turns: 996, Time: 00:02:49

Health: -3/15      AC:  4    Str:  8    XL:     2   Next: 29%
Magic:  2/6        EV: 12    Int: 18    God:
Gold:   55         SH:  0    Dex:  8    Spells: 6/7 levels left

rFire    . . .     SeeInvis .   h - +0 dagger
rCold    . . .     Gourm    .   (no shield)
rNeg     + . .     Faith    .   a - +0 robe
rPois    ∞         Spirit   .   b - +0 hat
rElec    +         Reflect  .   (no cloak)
rCorr    .         Harm     .   (no gloves)
MR       .....     Rnd*Tele +   (no boots)
Stlth    ++........             (no amulet)
HPRegen  0.05/turn              (no ring)
MPRegen  0.10/turn              (no ring)

@: no status effects
A: big wings, negative energy resistance 1, electricity resistance, teleportitis
1, weak 1, unbreathing, petrification resistance, rot immunity, AC +2
a: Fly


You were on level 2 of the Dungeon.
You were not hungry.

You visited 1 branch of the dungeon, and saw 2 of its levels.

You collected 55 gold pieces.

Inventory:

Hand Weapons
 h - a +0 dagger (weapon)
Armour
 a - a +0 robe (worn)
 b - a +0 hat (worn)
Scrolls
 e - a scroll of identify {unknown}
 i - a scroll of teleportation {unknown}
 j - a scroll of magic mapping {unknown}
Potions
 g - a potion of curing
Comestibles
 d - a ration


   Skills:
 - Level 1.5 Dodging
 - Level 2.1 Stealth
 - Level 3.0 Spellcasting
 + Level 2.5 Conjurations
   Level 0.8 Summonings
   Level 0.8 Translocations


You had 6 spell levels left.
You knew the following spells:

 Your Spells              Type           Power        Failure   Level  Hunger
a - Magic Dart            Conj           ##..         6%          1    None

Your spell library contained the following spells:

 Spells                   Type           Power        Failure   Level  Hunger
 Blink                    Tloc           N/A          17%         2    ##.....
 Call Imp                 Summ           #.......     17%         2    ##.....
 Slow                     Hex            #.......     24%         2    ##.....
 Conjure Flame            Conj/Fire      #.......     28%         3    ###....
 Mephitic Cloud           Conj/Pois/Air  #.......     34%         3    ###....


Dungeon Overview and Level Annotations

Branches:
Dungeon (2/15)

Altars:


Innate Abilities, Weirdness & Mutations

You are resistant to torment.
Your stone body is resilient. (AC +2)
You are immune to poison.
You resist negative energy. (rN+)
You are resistant to electric shocks. (rElec)
You can survive without breathing.
You are immune to petrification.
You are immune to rotting.
Your large and strong wings let you fly indefinitely.
You are occasionally teleported next to monsters.
You are weak. (Str -2)


Message History

You are too injured to fight recklessly!
Okay, then.
You hit the worm.
The worm is severely wounded.
The bat misses you.
You hit the worm but do no damage.
The worm is severely wounded.
The bat misses you. The bat hits you but does no damage.
The worm bites you but does no damage.
You hit the worm.
The worm is almost dead.
The bat closely misses you.
You barely miss the worm.
The worm is almost dead.
The worm bites you.
* * * LOW HITPOINT WARNING * * *
You hit the worm.
The worm is almost dead.
The worm bites you!
You die...

...+ ## #...#
..###...#
#.#.#...# #
#.......#
#.##......#
#....w....# #
##...@...#.#
##....#†....#
.......)...###
....#...<###
... #..†.# ##
#....# ##...#
#...# #...#


You could see a worm.

Vanquished Creatures
  3 goblins
  A hobgoblin (D:1)
  3 kobolds
  3 bats
  A frilled lizard (D:1)
11 creatures vanquished.

Notes
Turn   | Place    | Note
-------+----------+-------------------------------------------
     0 | D:1      | Arctor the Gargoyle Wizard began the quest for the Orb.
     0 | D:1      | Reached XP level 1. HP: 10/10 MP: 4/4
   454 | D:1      | Reached XP level 2. HP: 15/15 MP: 1/6
   981 | D:2      | Gained mutation: You are occasionally teleported next to
                  | monsters. [potion of mutation]
   981 | D:2      | Gained mutation: You are weak. (Str -2) [potion of
                  | mutation]
   981 | D:2      | Gained mutation: Your large and strong wings let you fly
                  | indefinitely. [potion of mutation]
   996 | D:2      | Slain by a worm

Levels and vault maps discovered:
D:1:      shiori_arrival_elements, layout_basic
D:2:      layout_basic, st_stairs_11, uniq_jessica

Skill      XL: |  1 |
---------------+----+-----
Conjurations   | 2 |  2.5
Dodging        | |  1.5
Stealth        | |  2.1
Spellcasting   | |  3.0
Summonings     | |  0.8
Translocations | |  0.8

Action                   || total
-------------------------++-------
Melee: Unarmed           ||    14
       Dagger            ||    16
 Cast: Magic Dart        ||    20
  Use: Potion            ||     2
       Scroll            ||     1
Armor: Robe              ||    20
Dodge: Dodged            ||    24
